 Dungeon Crawl Stone Soup version 0.27.1-33-g824d729ab1 (webtiles) character file.

Game seed: 13201877624820414022

58 sking99 the Skirmisher (level 3, -5/29 HPs)
             Began as a Demonspawn Fighter on Dec 8, 2021.
             Slain by Crazy Yiuf (9 damage)
             ... on level 2 of the Dungeon.
             The game lasted 00:01:49 (1763 turns).

sking99 the Skirmisher (Demonspawn Fighter)         Turns: 1763, Time: 00:01:49

Health: -5/29      AC: 12    Str: 17    XL:     3   Next: 76%
Magic:  3/3        EV:  7    Int:  9    God:
Gold:   54         SH:  9    Dex: 12    Spells: 2/2 levels left

rFire    . . .     SeeInvis .   a - +0 war axe
rCold    . . .     Faith    .   c - +0 kite shield
rNeg     . . .     Spirit   .   h - +0 plate armour
rPois    .         Reflect  .   (no helmet)
rElec    .         Harm     .   (no cloak)
rCorr    .         Rampage  .   i - +0 pair of gloves
Will     .....                  (no boots)
Stlth    ..........             (no amulet)
HPRegen  0.09/turn              (no ring)
MPRegen  0.08/turn              (no ring)

@: agile
A: powered by death 1
a: no special abilities


You were on level 2 of the Dungeon.
You visited 1 branch of the dungeon, and saw 2 of its levels.

You collected 54 gold pieces.

Inventory:

Hand Weapons
 a - a +0 war axe (weapon)
Armour
 c - a +0 kite shield (worn)
 h - a +0 plate armour (worn)
 i - a +0 pair of gloves (worn)
Jewellery
 l - a +6 ring of strength
Wands
 j - a wand of digging (4)
Scrolls
 e - 2 scrolls of identify {unknown}
 f - a scroll of magic mapping {unknown}
 m - a scroll of fog {unknown}
 n - a scroll of noise {unknown}
Potions
 b - a potion of attraction {unknown}
 d - a potion of might
 g - 2 potions of curing {unknown}
 k - 2 potions of brilliance {unknown}


   Skills:
 + Level 3.3 Fighting
 * Level 2.7 Axes
 + Level 3.0 Armour
 + Level 3.1 Shields


You had 2 spell levels left.
You didn't know any spells.
Your spell library was empty.

Dungeon Overview and Level Annotations

Branches:
Dungeon (2/15)

Altars:

Shops:
D:2 !

Annotations:
D:2 Crazy Yiuf


Innate Abilities, Weirdness & Mutations

You regenerate a little health from kills.


Message History

Could not explore, unopened runed door.
Could not explore, unopened runed door.
You open the door.
Your plate armour prevents you from hitting Crazy Yiuf.
You block Crazy Yiuf's attack. x2
You closely miss Crazy Yiuf. Crazy Yiuf hits you but does no damage.
You are poisoned.
You slash Crazy Yiuf!
Crazy Yiuf is moderately wounded.
You feel very sick. You block Crazy Yiuf's attack.
Crazy Yiuf hits you but does no damage.
You hit Crazy Yiuf.
Crazy Yiuf is moderately wounded.
You feel very sick.
Crazy Yiuf yells, "Mama!
Leather light childish."
You block Crazy Yiuf's attack.
Crazy Yiuf hits you with a +3 quarterstaff of chaos.
You feel agile all of a sudden.
You hit Crazy Yiuf.
Crazy Yiuf is heavily wounded.
You feel sick.
Crazy Yiuf hits you with a +3 quarterstaff of chaos.
Crazy Yiuf burns you.
You hit Crazy Yiuf.
Crazy Yiuf is heavily wounded.
You feel sick.
Crazy Yiuf hits you with a +3 quarterstaff of chaos.
Space bends around you.
* * * LOW HITPOINT WARNING * * *
You block Crazy Yiuf's attack.
Your shield and plate armour prevent you from hitting Crazy Yiuf.
Crazy Yiuf is heavily wounded.
You feel sick.
You are no longer poisoned.
You block Crazy Yiuf's attack. x2
You hit Crazy Yiuf but do no damage.
Crazy Yiuf is heavily wounded.
Crazy Yiuf says, "Action!
Castle leg senile."
Crazy Yiuf hits you with a +3 quarterstaff of chaos!
You die...

.# #.# # .#####
#.# # .#...## #.#
# ......## #.# #
.......# #.# #
.......#
♣♣♣♣♣##.## #
<......### ###
♣♣♣.♣...#..# #
.........#
#...#♣..♣..P..).#
# ##...###.#
#...g@♣♣♣♣......#
# ###.###.##
#)..#♣♣ ♣♣P)#.##
# #.##.## ###
♣♣##.# #
###.###.## #.# #
.........#
#.#######
###......########
#........
....####..#.....#
#.#######
..#.####..#.<...#
#.#######
#.#...##..###.###
#.#......


You could see Crazy Yiuf.

Vanquished Creatures
  Robin (D:2)
  A worm (D:2)
  A dart slug (D:2)
  3 ball pythons
  5 endoplasms (D:1)
  2 giant cockroaches
  4 goblins
  8 hobgoblins
  4 kobolds
  2 bats
  3 frilled lizards (D:1)
  4 rats
38 creatures vanquished.

Vanquished Creatures (others)
  A fungus (D:2)
1 creature vanquished.

Grand Total: 39 creatures vanquished

Notes
Turn   | Place    | Note
-------+----------+-------------------------------------------
     0 | D:1      | sking99 the Demonspawn Fighter began the quest for the Orb.
     0 | D:1      | Reached XP level 1. HP: 18/18 MP: 1/1
   489 | D:1      | Gained mutation: You regenerate a little health from kills.
                  | [demonic ancestry]
   489 | D:1      | Reached XP level 2. HP: 24/24 MP: 2/2
  1025 | D:2      | Reached XP level 3. HP: 27/29 MP: 3/3
  1084 | D:2      | Noticed Robin
  1099 | D:2      | Killed Robin
  1176 | D:2      | Found a runed translucent door.
  1177 | D:2      | Noticed Crazy Yiuf
  1247 | D:2      | Found Xodepuz's Distillery.
  1763 | D:2      | Slain by Crazy Yiuf

Illustrated notes

Levels and vault maps discovered:
D:1:      scummos_arrival_checkerplants, layout_basic
D:2:      layout_loops_ring, serial_shops, shop, uniq_robin,
          uniq_crazy_yiuf_cottage

Skill      XL: |  1  2  3 |
---------------+----------+-----
Axes           | 2 |  2.7
Armour         | 3 |  3.0
Shields        | 3 |  3.1
Fighting       | |  3.3

Action                   || total
-------------------------++-------
Melee: War axe           ||   121
Armor: Scale mail        ||    24
       Plate armour      ||    49
Dodge: Dodged            ||    20
Block: Kite shield       ||    68
